 Dungeon Crawl Stone Soup version 0.21.0-3-g78d12a8 (webtiles) character file.

151 tidbits the Gusty (level 5, -19/37 HPs)
             Began as a Gnoll Air Elementalist on Jan 11, 2018.
             Demolished by Duvessa
             ... wielding a +0 rapier
              (22 damage)
             ... on level 4 of the Dungeon.
             The game lasted 00:09:19 (1357 turns).

tidbits the Gusty (Gnoll Air Elementalist)          Turns: 1357, Time: 00:09:20

Health: -19/37     AC:  2    Str: 10    XL:     5   Next: 33%
Magic:  10/12      EV: 15    Int: 19    God:
Gold:   181        SH:  0    Dex: 15    Spells: 8/14 levels left

rFire    . . .     SeeInvis .   d - +0 dagger
rCold    . . .     Gourm    .   (no shield)
rNeg     . . .     Faith    .   a - +0 robe
rPois    .         Spirit   .   (no helmet)
rElec    .         Reflect  .   (no cloak)
rCorr    .         Harm     .   (no gloves)
MR       .....                  (no boots)
Stlth    +++.......             (no amulet)
HPRegen  0.12/turn              (no ring)
MPRegen  0.13/turn              (no ring)

@: very slightly contaminated, invisible
A: distributed training, fangs 1, strong nose
a: no special abilities


You were on level 4 of the Dungeon.
You were not hungry.

You visited 1 branch of the dungeon, and saw 4 of its levels.

You collected 181 gold pieces.

Inventory:

Hand Weapons
 d - a +0 dagger (weapon)
 g - a +0 hunting sling
 u - a +0 falchion
Missiles
 h - 3 javelins of penetration (quivered)
 m - 31 arrows
 p - a throwing net {!f}
Armour
 a - a +0 robe (worn)
 e - a +0 ring mail
Jewellery
 l - an uncursed ring of fire
   (You found it on level 1 of the Dungeon)
 o - an uncursed ring of fire
   (You found it on level 2 of the Dungeon)
Scrolls
 f - 2 scrolls of identify
 k - 2 scrolls of enchant armour
Potions
 s - a potion of heal wounds {unknown}
 z - a potion of flight {unknown}
Books
 b - a book of Air

   Spells                             Type                      Level
   a - Shock                          Conjuration/Air              1
   b - Swiftness                      Charms/Air                   2
   c - Static Discharge               Conjuration/Air              3
   d - Airstrike                      Air                          4
   e - Lightning Bolt                 Conjuration/Air              5
Comestibles
 c - 6 rations
 x - a chunk of flesh


   Skills:
 + Level 1.4 Fighting
 + Level 1.4 Short Blades
 + Level 1.4 Long Blades
 + Level 1.4 Axes
 + Level 1.4 Maces & Flails
 + Level 1.4 Polearms
 + Level 1.4 Staves
 + Level 1.4 Slings
 + Level 1.4 Bows
 + Level 1.4 Crossbows
 + Level 1.4 Throwing
 + Level 1.4 Armour
 + Level 4.7 Dodging
 + Level 4.4 Stealth
 + Level 1.4 Shields
 + Level 1.4 Unarmed Combat
 + Level 5.2 Spellcasting
 + Level 2.3 Conjurations
 + Level 1.1 Hexes
 + Level 1.1 Charms
 + Level 1.1 Summonings
 + Level 1.1 Necromancy
 + Level 1.1 Translocations
 + Level 1.1 Transmutations
 + Level 1.1 Fire Magic
 + Level 1.1 Ice Magic
 + Level 5.5 Air Magic
 + Level 1.1 Earth Magic
 + Level 1.1 Poison Magic
 + Level 1.6 Invocations
 + Level 1.4 Evocations


You had 8 spell levels left.
You knew the following spells:

 Your Spells              Type           Power        Failure   Level  Hunger
a - Shock                 Conj/Air       ###.         2%          1    None
d - Static Discharge      Conj/Air       ###.....     7%          3    ##.....
W - Swiftness             Chrm/Air       ###.....     4%          2    #......


Dungeon Overview and Level Annotations

Branches:
Dungeon (4/15)
 Temple: D:4-7

Altars:
Ru
Trog

Annotations:
D:3 1 transporter
D:4 Duvessa


Innate Abilities, Weirdness & Mutations

Your experience applies equally to all skills.
You have very sharp teeth.
Your uncanny sense of smell can sniff out nearby items.


Message History

Dowan blinks!
Dowan gestures at you while chanting. The puff of frost misses you.
Unknown command.
What are your orders? t - Bark!
Orders for allies: a - Attack new target. r - Retreat! s - Stop attacking. g - Guard the area. f - Follow me.
Anything else - Cancel.
You bark for attention!
Dowan points at you and mumbles some strange words.
You are outlined in light.
Dowan gestures at you while chanting. The puff of flame misses you.
You now have 174 gold pieces (gained 10).
You see here 7 gold pieces.
You now have 181 gold pieces (gained 7).
Casting: Shock
Confirm with . or Enter, or press ? or * to list all spells.
Aiming: Shock
Press: ? - help, Shift-Dir - straight line The zap misses Dowan.
The zap hits Dowan.
Dowan appears unharmed.
Dowan throws and catches a handful of magical flame, then smirks.
Dowan closely misses you.
Casting: Shock
Confirm with . or Enter, or press ? or * to list all spells.
Aiming: Shock
Press: ? - help, Shift-Dir - straight line The zap hits Dowan.
Dowan is moderately wounded.
The zap hits Dowan.
Dowan is heavily wounded.
Dowan says, "Magic and the sword, together, will defeat you."
Dowan closely misses you.
Casting: Shock
Confirm with . or Enter, or press ? or * to list all spells.
Aiming: Shock
Press: ? - help, Shift-Dir - straight line The zap hits Dowan.
Dowan is severely wounded.
The zap hits Dowan.
Dowan is severely wounded.
Dowan gestures at you while chanting. The puff of frost misses you.
Casting: Shock
Confirm with . or Enter, or press ? or * to list all spells.
Aiming: Shock
Press: ? - help, Shift-Dir - straight line The zap misses Dowan.
The zap hits Dowan.
You kill Dowan!
You hear a distant scream of rage.
You have reached level 5!
Things that are here:
a dagger; a robe
Okay, then.
You are no longer glowing.
Unknown command.
Duvessa, Sister of Dowan comes into view.
She is wielding a rapier.
Duvessa goes berserk!
Okay, then.
As you read the scroll labeled BUEXOTSOJIMN, it crumbles to dust.
It is a scroll of identify.
k - 2 scrolls of enchant armour
Okay, then.
As you read the scroll labeled QOUSHOAXUN, it crumbles to dust.
You hear a loud clanging noise!
It was a scroll of noise.
You hear an angry hiss.
Duvessa rages.
Unknown command.
As you read the scroll labeled SONEEB LIODIRY, it crumbles to dust.
You feel blessed for a moment.
It was a scroll of remove curse.
Duvessa barely misses you.
As you read the scroll labeled NIUWYE CYCZAWIH, it crumbles to dust.
The scroll dissolves into smoke.
It was a scroll of fog.
Duvessa hits you with a rapier! Duvessa hits you with a rapier.
* * * LOW HITPOINT WARNING * * *
Okay, then.
It was a potion of invisibility.
You fade into invisibility!
Duvessa misses you.
You are very lightly contaminated with residual magic.
As you read the scroll labeled FUFRERI EGACU, it crumbles to dust.
You feel aware of your surroundings.
It was a scroll of magic mapping.
Duvessa misses you.
As you read the scroll labeled SAETUPL HEMIZ, it crumbles to dust.
It is a scroll of amnesia.
Okay, then.
Duvessa misses you. Duvessa hits you with a rapier.
* * * LOW HITPOINT WARNING * * *
Unknown command.
As you read the scroll labeled IQUSYH GATI, it crumbles to dust.
Your nose twitches suddenly!
It was a scroll of random uselessness.
Duvessa closely misses you.
It was a potion of curing.
You feel better. Duvessa hits you with a rapier!!
* * * LOW HITPOINT WARNING * * *
Duvessa hits you with a rapier!!
Ouch! That really hurt!
You die...

*******,,,,******,,,,,,,,,,,,****
*,,,,,,,,,,,,,,...,,,,,,,,,,,,,,,
#.#****,,,,****#..,***,***,******
..# ****** #.##*,***,***,***, ..#
#..*,*,*,*,*,*,*,*
..**********####..*,*,*,*,*,*,*,*
e>,,,,,,,,,,,.§§.#,*##∆***,***,**
.#************#§e###.###.***,***
.# #§@§.......* **,** .#
#§§§.......* *,,** .#
###§§.....#* **,** .#####
######.####### *,,* .....#
#............# **,, .....#
#............# *,,
....e#######............# **,
.####.......#####.#######*******,
.........................,,,,,,,,


You could see Duvessa (berserk).

Vanquished Creatures
  Dowan (D:4)
  4 adders
  2 oozes
  A worm (D:2)
  2 dart slugs
  2 leopard geckos
  An orc (D:3)
  A ball python (D:3)
  3 bats
  2 giant cockroaches
  6 goblins
  5 hobgoblins
  3 jackals (D:2)
  2 quokkas (D:3)
  3 frilled lizards (D:2)
  5 kobolds
  2 leopard gecko skeletons
  5 rats
50 creatures vanquished.

Notes
Turn   | Place    | Note
-------+----------+-------------------------------------------
     0 | D:1      | tidbits the Gnoll Air Elementalist began the quest for the Orb.
     0 | D:1      | Reached XP level 1. HP: 13/13 MP: 6/6
    54 | D:1      | Reached skill level 2 in Conjurations
    61 | D:1      | Reached XP level 2. HP: 19/19 MP: 3/7
    69 | D:1      | Learned a level 2 spell: Swiftness
   300 | D:1      | Reached XP level 3. HP: 25/25 MP: 7/9
   305 | D:1      | Learned a level 3 spell: Static Discharge
   336 | D:1      | Reached skill level 5 in Spellcasting
   520 | D:2      | Reached skill level 1 in Invocations
   684 | D:3      | Reached skill level 1 in Fighting
   684 | D:3      | Reached skill level 1 in Short Blades
   684 | D:3      | Reached skill level 1 in Long Blades
   684 | D:3      | Reached skill level 1 in Axes
   684 | D:3      | Reached skill level 1 in Maces & Flails
   684 | D:3      | Reached skill level 1 in Polearms
   684 | D:3      | Reached skill level 1 in Staves
   684 | D:3      | Reached skill level 1 in Slings
   684 | D:3      | Reached skill level 1 in Bows
   684 | D:3      | Reached skill level 1 in Crossbows
   684 | D:3      | Reached skill level 1 in Throwing
   684 | D:3      | Reached skill level 1 in Armour
   684 | D:3      | Reached skill level 1 in Shields
   684 | D:3      | Reached skill level 1 in Unarmed Combat
   684 | D:3      | Reached skill level 1 in Evocations
   718 | D:3      | Reached XP level 4. HP: 32/32 MP: 8/11
   781 | D:3      | Found a transporter.
   784 | D:3      | Noticed a centaur
   784 | D:3      | Noticed an eye of draining
   786 | D:3      | Found a bloodstained altar of Trog.
  1193 | D:4      | Found a sacrificial altar of Ru.
  1252 | D:4      | Reached skill level 1 in Hexes
  1252 | D:4      | Reached skill level 1 in Charms
  1252 | D:4      | Reached skill level 1 in Summonings
  1252 | D:4      | Reached skill level 1 in Necromancy
  1252 | D:4      | Reached skill level 1 in Translocations
  1252 | D:4      | Reached skill level 1 in Transmutations
  1252 | D:4      | Reached skill level 1 in Fire Magic
  1252 | D:4      | Reached skill level 1 in Ice Magic
  1252 | D:4      | Reached skill level 1 in Earth Magic
  1252 | D:4      | Reached skill level 1 in Poison Magic
  1302 | D:4      | Noticed Dowan
  1331 | D:4      | Killed Dowan
  1331 | D:4      | Reached XP level 5. HP: 35/37 MP: 7/12
  1348 | D:4      | Noticed Duvessa
  1357 | D:4      | HP: 3/37 [Duvessa/rapier (18)]
  1357 | D:4      | Demolished by Duvessa

Skill      XL: |  1  2  3  4 |
---------------+-------------+-----
Conjurations   | 2 |  2.3
Spellcasting   | 5 |  5.2
Invocations    | 1 |  1.6
Fighting       | 1 |  1.4
Short Blades   | 1 |  1.4
Long Blades    | 1 |  1.4
Axes           | 1 |  1.4
Maces & Flails | 1 |  1.4
Polearms       | 1 |  1.4
Staves         | 1 |  1.4
Slings         | 1 |  1.4
Bows           | 1 |  1.4
Crossbows      | 1 |  1.4
Throwing       | 1 |  1.4
Armour         | 1 |  1.4
Shields        | 1 |  1.4
Unarmed Combat | 1 |  1.4
Evocations     | 1 |  1.4
Hexes          | 1 |  1.1
Charms         | 1 |  1.1
Summonings     | 1 |  1.1
Necromancy     | 1 |  1.1
Translocations | 1 |  1.1
Transmutations | 1 |  1.1
Fire Magic     | 1 |  1.1
Ice Magic      | 1 |  1.1
Earth Magic    | 1 |  1.1
Poison Magic   | 1 |  1.1
Dodging        | |  4.7
Stealth        | |  4.4
Air Magic      | |  5.5

Action                   |  1- 3 |  4- 6 || total
-------------------------+-------+-------++-------
Melee: Dagger            |    36 |    26 ||    62
       Bite              |     5 |     3 ||     8
 Cast: Shock             |    39 |    29 ||    68
  Use: Scroll            |       |     7 ||     7
       Potion            |       |     2 ||     2
 Stab: Sleeping          |     7 |       ||     7
  Eat: Chunk             |       |     1 ||     1
Armor: Robe              |     5 |     2 ||     7
Dodge: Dodged            |    23 |    32 ||    55

Table legend:
 A = Turns spent in this place as a percentage of turns spent in the entire game.
 B = Non-inter-level travel turns spent in this place as a percentage of non-inter-level travel turns spent in the entire game.
 C = Inter-level travel turns spent in this place as a percentage of turns spent in this place.
 D = Turns resting spent in this place as a percentage of non-inter-level travel turns spent in this place.
 E = Turns spent auto-exploring this place as a percentage of non-inter-level travel turns spent in this place.
 F = Non-inter-level travel turns spent in this place divided by the number of levels of this place that you've seen.
                   A       B       C       D       E      F
               +-------+-------+-------+-------+-------+----------------------
         Total | 100.0 | 100.0 |   0.8 |   0.2 |   0.0 | 336.5
       Dungeon | 100.0 | 100.0 |   0.8 |   0.2 |   0.0 | 336.5
               +-------+-------+-------+-------+-------+----------------------

Table legend:
 A = Kills in this place as a percentage of kills in entire the game.
 B = Kills by you in this place as a percentage of kills by you in the entire game.
 C = Kills by friends in this place as a percentage of kills by friends in the entire game.
 D = Other kills in this place as a percentage of other kills in the entire game.
 E = Experience gained in this place as a percentage of experience gained in the entire game.
 F = Experience gained in this place divided by the number of levels of this place that you have seen.
                   A       B       C       D       E      F
               +-------+-------+-------+-------+-------+----------------------
         Total | 100.0 | 100.0 |   N/A |   N/A | 100.0 |  54.0
       Dungeon | 100.0 | 100.0 |   N/A |   N/A | 100.0 |  54.0
               +-------+-------+-------+-------+-------+----------------------

Vault maps used:
D:1:      elethiomel_arrival_quiet, minmay_tripent
D:2:      grunt_temple_overflow_holy_war, first_ration,
          kennysheep_decorative_pillar
D:3:      gammafunk_temple_overflow_arena
D:4:      nicolae_ru_awakened_eye, grunt_decor_resistance, uniq_duvessa
